cohdb
Replays
Latest Replays
All Replays
Popular Replays
Top Player Replays
Match Explorer
How It Works
Community
CoH3 Stats
Reddit
Sign in to upload your games and track your stats! →
Sign in with Steam
Match 43698420
Unlisted
Match 43698420
Overview
Messages
Build Orders
End
Scout Squad
Construct Weapon Support Center
Selects Armored Battlegroup
Selects Assault Engineers
M1919 Machine Gun Team
Assault Engineer Squad
M1919 Machine Gun Team
Infantry Support Center
M1919 Machine Gun Team
Assault Engineer Squad
M3 Armored Personnel Carrier
Construct Medical Station
Selects Strength in Steel
Assault Engineer Squad
M3 Armored Personnel Carrier
M1919 Machine Gun Team
Scout Squad
Bazooka Squad
Selects M31 Recovery Vehicle
Selects War Machine
Construct Tank Depot
M1919 Machine Gun Team
Bazooka Squad
Assault Engineer Squad
Selects Seek and Destroy
Bazooka Squad
M4A1 Sherman Medium Tank
Selects UNKNOWN (2160077)
M4A1 Sherman Medium Tank
M1919 Machine Gun Team
Bazooka Squad
M1919 Machine Gun Team
Assault Engineer Squad
woof_raff
Franz Kafka
0
0
Comments
sign in to comment!
No comments posted yet!